 Dungeon Crawl Stone Soup version 0.18-a0-1551-g40744a8 (webtiles) character file.

132 Ijustatesigmund the Insei (level 5, 0/36 HPs)
             Began as an Octopode Transmuter on Mar 11, 2016.
             Succumbed to an adder's poison
             ... on level 2 of the Dungeon.
             The game lasted 00:05:09 (2088 turns).

Ijustatesigmund the Insei (Octopode Transmuter)     Turns: 2088, Time: 00:05:09

Health: 0/36       AC:  1    Str: 14    XL:     5   Next: 15%
Magic:  5/8        EV: 12    Int: 17    God:
Gold:   137        SH:  0    Dex: 12    Spells: 3 memorised, 2 levels left

rFire  . . .     SeeInvis .       - Unarmed
rCold  . . .     Gourm    .     (no shield)
rNeg   . . .     Faith    .     (helmet restricted)
rPois  .         Spirit   .     (no amulet)
rElec  .         Dismiss  .     (no ring)
rCorr  .         Reflect  .     (no ring)
SustAt .         Harm     .     (no ring)
MR     .....                    (no ring)
Stlth  ++........               (no ring)
                                (no ring)
                                (no ring)
                                (no ring)

@: mighty, lethally poisoned (0 -> -11), not resistant to hostile enchantments,
unstealthy
A: almost no armour, amphibious, 8 rings, constrict 8, camouflage 1, gelatinous
body 1
a: no special abilities


You were on level 2 of the Dungeon.
You were not hungry.

You visited 1 branch of the dungeon, and saw 2 of its levels.

You collected 137 gold pieces.

Inventory:

Missiles
 a - 9 arrows
 l - 5 javelins (quivered)
Wands
 n - a wand of random effects (35/48)
Scrolls
 d - 3 scrolls of identify {unknown}
 e - a scroll of teleportation
Potions
 f - a potion of lignification {unknown}
 h - a potion of curing {unknown}
 m - a potion of brilliance {unknown}
Books
 b - a book of Changes

   Spells                             Type                      Level
   a - Beastly Appendage              Transmutation                1
   b - Sticks to Snakes               Transmutation                2
   c - Spider Form                    Transmutation/Poison         3
   d - Ice Form                       Ice/Transmutation            4
   e - Blade Hands                    Transmutation                5
Comestibles
 c - 2 bread rations
 g - a meat ration
 j - a slice of pizza


   Skills:
 + Level 3.1 Fighting
 - Level 2.0 Dodging
 + Level 4.1 Unarmed Combat
 - Level 2.0 Spellcasting
 - Level 2.0 Transmutations
 + Level 2.4 Poison Magic


You had 2 spell levels left.
You knew the following spells:

 Your Spells              Type           Power        Failure   Level  Hunger
a - Beastly Appendage     Trmt           #.....       10%         1    #......
b - Sticks to Snakes      Trmt           #.......     14%         2    ###....
c - Spider Form           Trmt/Pois      #.........   24%         3    ###....


Dungeon Overview and Level Annotations

Branches:
Dungeon (2/15)

Altars:


Innate Abilities, Weirdness & Mutations

You cannot wear most types of armour.
You are amphibious.
You can wear up to eight rings at the same time.
You can use your tentacles to constrict eight enemies at once.
Your skin changes colour to match your surroundings (Stealth).
Your rubbery body absorbs attacks (AC +1).


Message History

You feel sick. The jackal barely misses you.
Drink which item? (? for menu, Esc to quit)
It was a potion of might.
You feel very mighty all of a sudden.
* * * LOW HITPOINT WARNING * * *
You feel sick. The jackal misses you.
You bludgeon the jackal!
You kill the jackal!
* * * LOW HITPOINT WARNING * * *
You feel sick.
You bludgeon the adder!
You kill the adder!
* * * LOW HITPOINT WARNING * * *
You feel sick.
You miss the jackal. You grab the jackal. You constrict the jackal.
* * * LOW HITPOINT WARNING * * *
You feel sick. The jackal barely misses you.
The jackal bites you but does no damage.
You release your grip on the jackal.
You die...

...........#
#.......####.#
#...†...# # ##.#....#
#.. #.#.#...##.#
#......# #.#
#.#h.....# ###...##
#.# ..##gg####
#>..#####.# .## #..#
#...#...[.. .. #..#
######...#.###.. ..
#.h###................
...
#.sh.@................
##g###................
#..# ######...#......
##.# #...####### #.#
#...# ###.########...#
#.........##...# ##
######.#######.##...#
####. #......#
#.###.####....


You could see a gnoll, 2 jackals and a giant cockroach.

Vanquished Creatures
  Jessica (D:2)
  A worker ant (D:2)
  4 adders (D:2)
  An ooze (D:1)
  A worm (D:2)
  4 dart slugs (D:1)
  3 giant cockroaches
  2 hobgoblins (D:1)
  7 jackals
  3 bats (D:2)
  4 giant newts
  A goblin (D:1)
  7 rats
39 creatures vanquished.

Notes
Turn   | Place    | Note
--------------------------------------------------------------
     0 | D:1      | Ijustatesigmund the Octopode Transmuter began the quest for the Orb.
     0 | D:1      | Reached XP level 1. HP: 13/13 MP: 3/3
   331 | D:1      | Reached XP level 2. HP: 5/18 MP: 5/5
   832 | D:1      | Learned a level 2 spell: Sticks to Snakes
   948 | D:1      | Reached XP level 3. HP: 24/24 MP: 6/6
   957 | D:1      | Learned a level 3 spell: Spider Form
  1248 | D:2      | Found a faded altar to an unknown god.
  1290 | D:2      | Noticed Jessica
  1297 | D:2      | Killed Jessica
  1297 | D:2      | Reached skill level 1 in Poison Magic
  1341 | D:2      | Reached XP level 4. HP: 19/30 MP: 2/7
  2072 | D:2      | Reached skill level 4 in Unarmed Combat
  2077 | D:2      | Reached XP level 5. HP: 16/36 MP: 4/8
  2087 | D:2      | HP: 1/36 [poisoned by an adder]
  2088 | D:2      | Succumbed to an adder's poison

Vault maps used:
D:1:      lightli_arrival_chessboard
D:2:      ecumenical_altar_1, uniq_iyjb, uniq_jessica

Skill      XL: |  1  2  3  4 |
---------------+-------------+-----
Fighting       | 2 3 |  3.1
Poison Magic   | 1 2 |  2.4
Unarmed Combat | 4 |  4.1
Dodging        | |  2.0
Spellcasting   | |  2.0
Transmutations | |  2.0

Action                   |  1- 3 |  4- 6 || total
-------------------------+-------+-------++-------
Melee: Unarmed           |    45 |    44 ||    89
Throw: Javelin           |     6 |       ||     6
 Cast: Sticks to Snakes  |     3 |       ||     3
       Beastly Appendage |     1 |     2 ||     3
       Spider Form       |       |     1 ||     1
  Use: Scroll            |     3 |       ||     3
       Potion            |       |     4 ||     4
 Stab: Sleeping          |     2 |     3 ||     5
  Eat: Chunk             |     1 |     3 ||     4
